TOP OF THE 1ST |
Los Angeles (NYP) Angels batting - Pitching for Lowell Spinners : LHP Eric Del Sordo
|
Pitching: LHP Eric Del Sordo
|
|
Batting: RHB Steve Hasson
|
0-0: Ball 1-0: Called Strike 1-1: Foul Ball, location: 2F 1-2: Strikes out swinging, 2-3 out at first.
|
Batting: RHB Jeff Long
|
0-0: Ball 1-0: Ground out 5-3 (Groundball, 56, EV 80.6 MPH)
|
Batting: RHB Randy Grewe
|
0-0: Ball 1-0: Foul Ball, location: 2F 1-1: Swinging Strike 1-2: Foul Ball, location: 2F 1-2: Ball 2-2: Ground out 5-3 (Groundball, 56S, EV 88.1 MPH)
|
Top of the 1st over - 0 runs, 0 hits, 0 errors, 0 left on base; Los Angeles (NYP) 0 - Lowell 0 |
BOTTOM OF THE 1ST |
Lowell Spinners batting - Pitching for Los Angeles (NYP) Angels : RHP Nick Madrid
|
Pitching: RHP Nick Madrid
|
|
Batting: RHB Larry Brocato
|
0-0: Ball 1-0: Ground out 6-3 (Groundball, 6, EV 85.6 MPH)
|
Batting: LHB Nelis Geurts
|
0-0: Fly out, F8 (Flyball, 8RD, EV 90.0 MPH)
|
Batting: RHB Guillermo Quintero
|
0-0: Swinging Strike 0-1: Ball 1-1: Foul Ball, location: 2F 1-2: Strikes out looking
|
Bottom of the 1st over - 0 runs, 0 hits, 0 errors, 0 left on base; Los Angeles (NYP) 0 - Lowell 0 |
TOP OF THE 2ND |
Los Angeles (NYP) Angels batting - Pitching for Lowell Spinners : LHP Eric Del Sordo
|
Batting: RHB Jon Griffin
|
0-0: Called Strike 0-1: Ball 1-1: Ball 2-1: Foul Ball, location: 2F 2-2: Foul Ball, location: 2F 2-2: Strikes out swinging
|
Batting: SHB Conor Davies
|
0-0: Foul Ball, location: 2F 0-1: Ball 1-1: Fly out, F4 (Popup, 3S, EV 81.9 MPH)
|
Batting: RHB Tsega Haida
|
0-0: Bunted foul 0-1: Foul Ball, location: 2F 0-2: Strikes out swinging
|
Top of the 2nd over - 0 runs, 0 hits, 0 errors, 0 left on base; Los Angeles (NYP) 0 - Lowell 0 |
BOTTOM OF THE 2ND |
Lowell Spinners batting - Pitching for Los Angeles (NYP) Angels : RHP Nick Madrid
|
Batting: LHB Noel Young
|
0-0: Ball 1-0: Ball 2-0: Called Strike 2-1: Ball 3-1: Base on Balls
|
Batting: RHB Joel Vazquez
|
0-0: Called Strike 0-1: Swinging Strike 0-2: SINGLE (Line Drive, 4M, EV 97.5 MPH) Noel Young to second
|
Batting: RHB Billy Ratz
|
0-0: Ball 1-0: Foul Ball, location: 2F 1-1: Called Strike 1-2: Strikes out swinging
|
Batting: RHB Bobby Schimke
|
0-0: Ball 1-0: Fly out, F8 (Flyball, 8RD, EV 95.0 MPH)
|
Batting: RHB Nick Cottrell
|
0-0: Called Strike 0-1: Called Strike 0-2: Strikes out swinging
|
Bottom of the 2nd over - 0 runs, 1 hit, 0 errors, 2 left on base; Los Angeles (NYP) 0 - Lowell 0 |
TOP OF THE 3RD |
Los Angeles (NYP) Angels batting - Pitching for Lowell Spinners : LHP Eric Del Sordo
|
Batting: RHB Steve Hughey
|
0-0: Ball 1-0: Foul Ball, location: 2F 1-1: Foul Ball, location: 2F 1-2: Foul Ball, location: 2F 1-2: Foul Ball, location: 2F 1-2: Strikes out swinging
|
Batting: RHB Jason Habeck
|
0-0: Swinging Strike 0-1: Foul Ball, location: 2F 0-2: Ball 1-2: Fly out, F7 (Flyball, 78S, EV 90.0 MPH)
|
Batting: RHB Zach Robbins
|
0-0: Ball 1-0: Ball 2-0: Ball 3-0: Called Strike 3-1: Foul Ball, location: 2F 3-2: Foul Ball, location: 2F 3-2: Foul Ball, location: 2F 3-2: Foul Ball, location: 2F 3-2: Strikes out swinging
|
Top of the 3rd over - 0 runs, 0 hits, 0 errors, 0 left on base; Los Angeles (NYP) 0 - Lowell 0 |
BOTTOM OF THE 3RD |
Lowell Spinners batting - Pitching for Los Angeles (NYP) Angels : RHP Nick Madrid
|
Batting: RHB Jose Diaz
|
0-0: Ball 1-0: Ball 2-0: Called Strike 2-1: Ball 3-1: Foul Ball, location: 2F 3-2: Foul Ball, location: 2F 3-2: Strikes out swinging
|
Batting: RHB Larry Brocato
|
0-0: Called Strike 0-1: Ball 1-1: Foul Ball, location: 2F 1-2: Foul Ball, location: 2F 1-2: Ball 2-2: Ball 3-2: Fly out, F6 (Line Drive, 6, EV 65.0 MPH)
|
Batting: LHB Nelis Geurts
|
0-0: Swinging Strike 0-1: Swinging Strike 0-2: Ball 1-2: Ball 2-2: Ball 3-2: Foul Ball, location: 2F 3-2: Strikes out looking
|
Bottom of the 3rd over - 0 runs, 0 hits, 0 errors, 0 left on base; Los Angeles (NYP) 0 - Lowell 0 |
TOP OF THE 4TH |
Los Angeles (NYP) Angels batting - Pitching for Lowell Spinners : LHP Eric Del Sordo
|
Batting: RHB Steve Hasson
|
0-0: Ball 1-0: Ball 2-0: Ball 3-0: Foul Ball, location: 2F 3-1: Base on Balls
|
Batting: RHB Jeff Long
|
0-0: Called Strike 0-1: Ball 1-1: Swinging Strike 1-2: Strikes out swinging
|
Batting: RHB Randy Grewe
|
0-0: Foul Ball, location: 2F 0-1: Ball 1-1: SINGLE (Groundball, 25, EV 66.3 MPH) (infield hit) Steve Hasson to second
|
Batting: RHB Jon Griffin
|
0-0: Foul Ball, location: 2F 0-1: Swinging Strike 0-2: Fielders Choice at 2nd, 3-6 (Groundball, 34S, EV 93.8 MPH) Steve Hasson to third
|
Batting: SHB Conor Davies
|
0-0: Called Strike 0-1: Foul Ball, location: 2F 0-2: Foul Ball, location: 2F 0-2: Fly out, F8 (Flyball, 89D, EV 99.4 MPH)
|
Top of the 4th over - 0 runs, 1 hit, 0 errors, 2 left on base; Los Angeles (NYP) 0 - Lowell 0 |
BOTTOM OF THE 4TH |
Lowell Spinners batting - Pitching for Los Angeles (NYP) Angels : RHP Nick Madrid
|
Batting: RHB Guillermo Quintero
|
0-0: Called Strike 0-1: Foul Ball, location: 2F 0-2: SINGLE (Groundball, 56S, EV 67.5 MPH) (infield hit)
|
Batting: LHB Noel Young
|
0-0: Foul Ball, location: 2F 0-1: Ball 1-1: Called Strike Guillermo Quintero is caught stealing 2nd base 2-6 1-2: Ball 2-2: Foul Ball, location: 2F 2-2: Foul Ball, location: 2F 2-2: Ground out 4-3 (Groundball, 4S, EV 82.5 MPH)
|
Batting: RHB Joel Vazquez
|
0-0: Foul Ball, location: 2F 0-1: Called Strike 0-2: Foul Ball, location: 2F 0-2: Foul Ball, location: 2F 0-2: Ball 1-2: Foul Ball, location: 2F 1-2: Foul Ball, location: 2F 1-2: Foul Ball, location: 2F 1-2: Foul Ball, location: 2F 1-2: Ball 2-2: Strikes out swinging
|
Bottom of the 4th over - 0 runs, 1 hit, 0 errors, 0 left on base; Los Angeles (NYP) 0 - Lowell 0 |
TOP OF THE 5TH |
Los Angeles (NYP) Angels batting - Pitching for Lowell Spinners : LHP Eric Del Sordo
|
Batting: RHB Tsega Haida
|
0-0: TRIPLE (Flyball, 89XD, EV 106.9 MPH)
|
Batting: RHB Steve Hughey
|
0-0: Foul Ball, location: 2F 0-1: Called Strike 0-2: Ball 1-2: Strikes out looking
|
Batting: RHB Jason Habeck
|
0-0: Called Strike 0-1: Ball 1-1: Ball 2-1: Foul Ball, location: 2F 2-2: SINGLE (Groundball, 56D, EV 98.8 MPH) Tsega Haida scores
|
Batting: RHB Zach Robbins
|
0-0: Ball 1-0: Foul Ball, location: 2F 1-1: Swinging Strike 1-2: Ball 2-2: SINGLE (Groundball, 34D, EV 96.9 MPH) Jason Habeck to second Runner from 2nd tries for 3rd, OUT! 9-5 Zach Robbins to second
|
Batting: RHB Steve Hasson
|
0-0: Called Strike 0-1: Called Strike 0-2: Ball 1-2: Strikes out swinging, 2-3 out at first.
|
Top of the 5th over - 1 run, 3 hits, 0 errors, 1 left on base; Los Angeles (NYP) 1 - Lowell 0 |
BOTTOM OF THE 5TH |
Lowell Spinners batting - Pitching for Los Angeles (NYP) Angels : RHP Nick Madrid
|
Batting: RHB Billy Ratz
|
0-0: Ball 1-0: Swinging Strike 1-1: Foul Ball, location: 2F 1-2: Ball 2-2: Strikes out swinging
|
Batting: RHB Bobby Schimke
|
0-0: Fly out, F8 (Flyball, 8LD, EV 80.6 MPH)
|
Batting: RHB Nick Cottrell
|
0-0: Ground out 4-3 (Groundball, 4S, EV 78.8 MPH)
|
Bottom of the 5th over - 0 runs, 0 hits, 0 errors, 0 left on base; Los Angeles (NYP) 1 - Lowell 0 |
TOP OF THE 6TH |
Los Angeles (NYP) Angels batting - Pitching for Lowell Spinners : LHP Eric Del Sordo
|
Batting: RHB Jeff Long
|
0-0: Ball 1-0: Called Strike 1-1: Called Strike 1-2: Ball 2-2: Foul Ball, location: 2F 2-2: Foul Ball, location: 2F 2-2: Strikes out swinging
|
Pitching: LHP Joe Starcher
|
|
Batting: RHB Randy Grewe
|
0-0: Fly out, F7 (Flyball, 7LM, EV 90.6 MPH)
|
Pitching: RHP Matthew Baird
|
|
Batting: RHB Jon Griffin
|
0-0: SOLO HOME RUN (Flyball, 7D, EV 99.4 MPH), Distance : 386 ft
|
Batting: SHB Conor Davies
|
0-0: Ground out 5-3 (Groundball, 56S, EV 95.0 MPH)
|
Top of the 6th over - 1 run, 1 hit, 0 errors, 0 left on base; Los Angeles (NYP) 2 - Lowell 0 |
BOTTOM OF THE 6TH |
Lowell Spinners batting - Pitching for Los Angeles (NYP) Angels : RHP Nick Madrid
|
Batting: RHB Jose Diaz
|
0-0: Swinging Strike 0-1: Ball 1-1: Ball 2-1: Swinging Strike 2-2: SINGLE (Groundball, P, EV 83.8 MPH) (infield hit)
|
Batting: RHB Larry Brocato
|
0-0: Ball 1-0: Ball 2-0: Ball 3-0: Called Strike Balk! Jose Diaz to second 3-1: Foul Ball, location: 2F 3-2: Foul Ball, location: 2F 3-2: SINGLE (Groundball, 34D, EV 101.9 MPH) Jose Diaz to third Runner from 3rd tries for Home, SAFE, throw by RF to home
|
Pitching: LHP Alex Pulido
|
|
Batting: LHB Nelis Geurts
|
0-0: Ball 1-0: Ball 2-0: Ball 3-0: Called Strike 3-1: Base on Balls Larry Brocato to second
|
Batting: RHB Guillermo Quintero
|
0-0: Ball 1-0: Ball 2-0: Foul Ball, location: 2F 2-1: Ball 3-1: Swinging Strike 3-2: Foul Ball, location: 2F 3-2: Base on Balls Larry Brocato to third Nelis Geurts to second
|
Pinch Hitting: RHB Jesus Montoya
|
0-0: Called Strike 0-1: DOUBLE (Groundball, 5D, EV 100.0 MPH) Larry Brocato scores Nelis Geurts scores Guillermo Quintero to third
|
Batting: RHB Joel Vazquez
|
0-0: Swinging Strike 0-1: Ball 1-1: Swinging Strike 1-2: Foul Ball, location: 2F 1-2: Foul Ball, location: 2F 1-2: Strikes out looking
|
Batting: RHB Billy Ratz
|
0-0: Called Strike 0-1: Foul Ball, location: 2F 0-2: Foul Ball, location: 2F 0-2: Foul Ball, location: 2F 0-2: Foul Ball, location: 2F 0-2: SINGLE (Groundball, 34, EV 98.1 MPH) Guillermo Quintero scores Jesus Montoya to third
|
Batting: RHB Bobby Schimke
|
0-0: Ball 1-0: Called Strike 1-1: Swinging Strike 1-2: Strikes out swinging
|
Pitching: LHP Brandon Davis
|
|
Batting: RHB Nick Cottrell
|
0-0: Called Strike 0-1: Ball 1-1: Ball 2-1: Called Strike 2-2: Ball 3-2: Fly out, F3 (Popup, 3SF, EV 80.0 MPH)
|
Bottom of the 6th over - 4 runs, 4 hits, 0 errors, 2 left on base; Los Angeles (NYP) 2 - Lowell 4 |
TOP OF THE 7TH |
Los Angeles (NYP) Angels batting - Pitching for Lowell Spinners : RHP Matthew Baird
|
Now in LF: Guillermo Quintero
|
|
Now in RF: Jose Conde
|
|
Batting: RHB Tsega Haida
|
0-0: Ground out 6-3 (Groundball, 6, EV 85.0 MPH)
|
Batting: RHB Steve Hughey
|
0-0: Called Strike 0-1: Fly out, F7 (Flyball, 7LS, EV 71.9 MPH)
|
Batting: RHB Jason Habeck
|
0-0: Swinging Strike 0-1: Called Strike 0-2: Strikes out swinging, 2-3 out at first.
|
Top of the 7th over - 0 runs, 0 hits, 0 errors, 0 left on base; Los Angeles (NYP) 2 - Lowell 4 |
BOTTOM OF THE 7TH |
Lowell Spinners batting - Pitching for Los Angeles (NYP) Angels : LHP Brandon Davis
|
Batting: RHB Jose Diaz
|
0-0: Ground out 6-3 (Groundball, 6MD, EV 88.8 MPH)
|
Batting: RHB Larry Brocato
|
0-0: Ball 1-0: Ball 2-0: Foul Ball, location: 2F 2-1: Ball 3-1: Base on Balls
|
Batting: LHB Nelis Geurts
|
0-0: Called Strike 0-1: Ball 1-1: Ball 2-1: Swinging Strike 2-2: Ground out U3 (Groundball, 34S, EV 67.5 MPH) Larry Brocato to second
|
Batting: RHB Guillermo Quintero
|
0-0: Ball 1-0: Called Strike 1-1: Ball 2-1: Ball 3-1: Called Strike 3-2: Base on Balls
|
Batting: RHB Jose Conde
|
0-0: Ball 1-0: Foul Ball, location: 2F 1-1: Called Strike 1-2: Strikes out swinging
|
Bottom of the 7th over - 0 runs, 0 hits, 0 errors, 2 left on base; Los Angeles (NYP) 2 - Lowell 4 |
TOP OF THE 8TH |
Los Angeles (NYP) Angels batting - Pitching for Lowell Spinners : RHP Matthew Baird
|
Batting: RHB Zach Robbins
|
0-0: Ball 1-0: Called Strike 1-1: Fly out, F8 (Line Drive, 8LD, EV 93.1 MPH)
|
Batting: RHB Steve Hasson
|
0-0: Ball 1-0: Foul Ball, location: 2F 1-1: Called Strike 1-2: Ball 2-2: Strikes out swinging
|
Batting: RHB Jeff Long
|
0-0: Ball 1-0: Ground out 4-3 (Groundball, 4, EV 88.1 MPH)
|
Top of the 8th over - 0 runs, 0 hits, 0 errors, 0 left on base; Los Angeles (NYP) 2 - Lowell 4 |
BOTTOM OF THE 8TH |
Lowell Spinners batting - Pitching for Los Angeles (NYP) Angels : LHP Brandon Davis
|
Batting: RHB Joel Vazquez
|
0-0: Ball 1-0: Swinging Strike 1-1: Ball 2-1: Called Strike 2-2: Foul Ball, location: 2F 2-2: Ground out 4-3 (Groundball, 4M, EV 85.0 MPH)
|
Batting: RHB Billy Ratz
|
0-0: Ball 1-0: Ball 2-0: SOLO HOME RUN (Line Drive, 7D, EV 105.6 MPH), Distance : 392 ft
|
Batting: RHB Bobby Schimke
|
0-0: Fly out, F8 (Line Drive, 8RXD, EV 96.9 MPH)
|
Batting: RHB Nick Cottrell
|
0-0: Called Strike 0-1: Foul Ball, location: 2F 0-2: Strikes out swinging
|
Bottom of the 8th over - 1 run, 1 hit, 0 errors, 0 left on base; Los Angeles (NYP) 2 - Lowell 5 |
TOP OF THE 9TH |
Los Angeles (NYP) Angels batting - Pitching for Lowell Spinners : RHP Matthew Baird
|
Pitching: RHP Jim Whiteman
|
|
Batting: RHB Randy Grewe
|
0-0: Called Strike 0-1: Ball 1-1: Ball 2-1: Ball 3-1: Foul Ball, location: 2F 3-2: Base on Balls
|
Batting: RHB Jon Griffin
|
0-0: Ball 1-0: Foul Ball, location: 2F 1-1: Ball 2-1: Foul Ball, location: 2F 2-2: SINGLE (Line Drive, 7S, EV 98.8 MPH) Randy Grewe to second
|
Batting: SHB Conor Davies
|
0-0: Foul Ball, location: 2F 0-1: Ball 1-1: Ball 2-1: 3-RUN HOME RUN (Flyball, 7LD, EV 91.3 MPH), Distance : 349 ft
|
Batting: RHB Tsega Haida
|
0-0: Called Strike 0-1: Ball 1-1: DOUBLE (Groundball, 3L, EV 94.4 MPH)
|
Batting: RHB Steve Hughey
|
0-0: Ball 1-0: Ball Wild Pitch! Tsega Haida to third 2-0: Ball 3-0: Base on Balls
|
Batting: RHB Jason Habeck
|
0-0: Ball 1-0: Called Strike 1-1: Called Strike 1-2: Strikes out swinging
|
Batting: RHB Zach Robbins
|
0-0: Ball 1-0: Ball 2-0: Ball 3-0: Base on Balls Steve Hughey to second
|
Batting: RHB Steve Hasson
|
0-0: Called Strike 0-1: Ball 1-1: Foul Ball, location: 2F 1-2: Ball 2-2: Strikes out swinging
|
Batting: RHB Jeff Long
|
0-0: Called Strike 0-1: Swinging Strike 0-2: SINGLE (Flyball, 4MD, EV 83.8 MPH) Tsega Haida scores Steve Hughey to third Zach Robbins to second Runner from 3rd tries for Home, SAFE, throw by CF to home
|
Pitching: RHP Kasper Larkin
|
|
Batting: RHB Randy Grewe
|
0-0: Ball 1-0: Ball 2-0: Ball 3-0: Swinging Strike 3-1: Base on Balls Zach Robbins to third Jeff Long to second
|
Batting: RHB Jon Griffin
|
0-0: Ball 1-0: Called Strike 1-1: Swinging Strike 1-2: Ball 2-2: Ball Wild Pitch! Zach Robbins scores Jeff Long to third Randy Grewe to second 3-2: Strikes out looking
|
Top of the 9th over - 6 runs, 4 hits, 0 errors, 2 left on base; Los Angeles (NYP) 8 - Lowell 5 |
BOTTOM OF THE 9TH |
Lowell Spinners batting - Pitching for Los Angeles (NYP) Angels : LHP Brandon Davis
|
Pitching: RHP Pete Warren
|
|
Batting: RHB Jose Diaz
|
0-0: Ball 1-0: Swinging Strike 1-1: Called Strike 1-2: Strikes out looking
|
Batting: RHB Larry Brocato
|
0-0: Ball 1-0: Swinging Strike 1-1: Called Strike 1-2: Ball 2-2: Ball 3-2: Foul Ball, location: 2F 3-2: Foul Ball, location: 2F 3-2: SINGLE (Groundball, 6, EV 99.4 MPH)
|
Batting: LHB Nelis Geurts
|
0-0: Ball 1-0: Ball 2-0: Ball Wild Pitch! Larry Brocato to second 3-0: Called Strike 3-1: Ground out 5-3 (Groundball, 56S, EV 73.8 MPH) Larry Brocato to third
|
Batting: RHB Guillermo Quintero
|
0-0: Called Strike 0-1: Ground out 6-3 (Groundball, 6MS, EV 85.0 MPH)
|
Bottom of the 9th over - 0 runs, 1 hit, 0 errors, 1 left on base; Los Angeles (NYP) 8 - Lowell 5 |
|